 Dungeon Crawl Stone Soup version 0.23.2 (webtiles) character file.

Game seed: 9025979355351854311

42 Borgoz the Sneak (level 3, 0/29 (30) HPs)
             Began as a Ghoul Assassin on Apr 4, 2019.
             Slain by a worm (12 damage)
             ... on level 3 of the Dungeon.
             The game lasted 00:02:04 (1356 turns).

Borgoz the Sneak (Ghoul Assassin)                   Turns: 1356, Time: 00:02:05

HP:   0/29 (30)     AC:  3    Str: 14    XL:     3   Next: 56%
MP:   2/2           EV:  9    Int:  7    God:
Gold: 137           SH:  0    Dex: 10    Spells: 2/2 levels left

rFire    + . .     SeeInvis .   a - +2 dagger
rCold    + . .     Gourm    .   (no shield)
rNeg     + + +     Faith    .   c - +0 robe
rPois    ∞         Spirit   .   (no helmet)
rElec    .         Reflect  .   d - +0 cloak
rCorr    .         Harm     .   (no gloves)
MR       .....                  (no boots)
Stlth    ++........             (no amulet)
HPRegen  0.00/turn              l - ring of protection from fire
MPRegen  0.08/turn              u - ring of poison resistance

@: rotting, constricted
A: rotting body, claws 1, carnivore, cold resistance 1, negative energy
resistance 3, inhibited regeneration, torment resistance, unbreathing
a: no special abilities


You were on level 3 of the Dungeon.
You were not hungry.

You visited 1 branch of the dungeon, and saw 3 of its levels.

You collected 137 gold pieces.

Inventory:

Hand Weapons
 a - a +2 dagger (weapon)
 b - a +0 blowgun
Missiles
 e - 12 poisoned needles
 f - 2 curare-tipped needles
Armour
 c - a +0 robe (worn)
 d - a +0 cloak (worn)
Jewellery
 l - a ring of protection from fire (left claw)
 u - a ring of poison resistance (right claw)
 v - a +5 ring of slaying {unknown}
Scrolls
 j - 2 scrolls of remove curse {unknown}
 k - a scroll of identify {unknown}
 p - a scroll of fear {unknown}
 q - a scroll of amnesia {unknown}
 s - a scroll of enchant armour {unknown}
 w - a scroll of magic mapping {unknown}
Potions
 h - a potion of invisibility {unknown}
 i - 2 potions of curing {unknown}
 m - a potion of brilliance {unknown}
 n - a potion of might {unknown}
 o - a potion of heal wounds {unknown}
 r - 2 potions of degeneration {unknown}
 t - a potion of magic {unknown}
Comestibles
 g - 3 rations


   Skills:
 + Level 2.5 Fighting
 * Level 2.2 Short Blades
 - Level 1.7 Throwing
 * Level 1.1 Armour
 * Level 1.7 Dodging
 + Level 4.5 Stealth


You had 2 spell levels left.
You didn't know any spells.
Your spell library was empty.

Dungeon Overview and Level Annotations

Branches:
Dungeon (3/15)

Altars:


Innate Abilities, Weirdness & Mutations

Your body is rotting away.
You thrive on raw meat.
You are immune to poison.
You have sharp fingernails.
You are carnivorous and can eat meat at any time.
Your flesh is cold resistant. (rC+)
You are immune to negative energy. (rN+++)
You do not regenerate when monsters are visible.
You are immune to unholy pain and torment.
You can survive without breathing.


Message History

Firing (i - inventory. (/) - cycle)
e - 13 poisoned needles (quivered)
Press: ? - help, Shift-Dir - straight line, f/p - worm
Aim: a worm (poisoned)
You shoot a poisoned needle. The poisoned needle hits the worm.
The worm looks even sicker.
a - a +2 dagger (weapon)
A bat comes into view.
The bat moves out of view.
Firing (i - inventory) No suitable missiles.
Press: ? - help, Shift-Dir - straight line, f/p - worm
Aim: a worm (poisoned)
Okay, then.
A goblin comes into view. It is wielding a +0 dagger.
The worm bites you but does no damage. The ball python completely misses you.
The ball python misses you.
You hit the worm.
The worm is moderately wounded.
The ball python misses you. The ball python grabs you.
The ball python constricts you. The worm bites you!
You die...

...... .....# ......
..... ......##### ....
.....>.<..##### #..
#..###S.#.....# #.# # .
##.#####.#####.#.##
...#####...(.((.(........
g......##S......##..###..
#..@w...>..#..##
####.........##
#........## #........#
###......# .......#
........# ...........
.####......##


You could see a worm and a ball python.

Vanquished Creatures
  An adder (D:2)
  A dart slug (D:1)
  A leopard gecko (D:2)
  A ball python (D:1)
  5 goblins
  6 hobgoblins
  5 kobolds
  4 bats
  A frilled lizard (D:1)
  4 rats
29 creatures vanquished.

Notes
Turn   | Place    | Note
-------+----------+-------------------------------------------
     0 | D:1      | Borgoz the Ghoul Assassin began the quest for the Orb.
     0 | D:1      | Reached XP level 1. HP: 17/17 MP: 0/0
   123 | D:1      | Reached skill level 1 in Dodging
   209 | D:1      | Reached XP level 2. HP: 12/24 MP: 1/1
   898 | D:2      | Reached XP level 3. HP: 22/30 MP: 2/2
   910 | D:2      | Reached skill level 1 in Armour
   954 | D:2      | Found a faded altar of an unknown god.
  1356 | D:3      | Slain by a worm

Skill      XL: |  1  2  3 |
---------------+----------+-----
Dodging        | 1 |  1.7
Short Blades   | 2 |  2.2
Armour         | 1 |  1.1
Fighting       | |  2.5
Throwing       | |  1.7
Stealth        | |  4.5

Action                   || total
-------------------------++-------
Melee: Dagger            ||    95
 Fire: Blowgun           ||     5
 Stab: Sleeping          ||     6
  Eat: Chunk             ||     7
Armor: Robe              ||    17
Dodge: Dodged            ||    48
